 Dungeon Crawl Stone Soup version 0.18-a0-965-g9200175 (webtiles) character file.

88 Ishamoridin the Bolt Thrower (level 4, -1/25 HPs)
             Began as a Kobold Arcane Marksman on Jan 1, 2016.
             Slain by a worm (10 damage)
             ... on level 3 of the Dungeon.
             The game lasted 00:18:45 (5420 turns).

Ishamoridin the Bolt Thrower (KoAM)                 Turns: 5420, Time: 00:18:45

Health: -1/25      AC:  4    Str:  9    XL:     4   Next: 81%
Magic:  5/6        EV: 15    Int: 11    God:
Gold:   46         SH:  0    Dex: 16    Spells: 1 memorised, 4 levels left

rFire  . . .     SeeInvis .     A - -2 short sword (curse)
rCold  . . .     Gourm    .     p - +1 leather armour
rNeg   . . .     Faith    .     (shield restricted)
rPois  .         Spirit   .     (no helmet)
rElec  .         Dismiss  .     (no cloak)
rCorr  .         Reflect  .     (no gloves)
SustAt .         Harm     .     (no boots)
MR     .....                    (no amulet)
Stlth  +.........               (no ring)
                                (no ring)

@: very slightly contaminated, not resistant to hostile enchantments, very
unstealthy
A: carnivore 3
a: no special abilities


You were on level 3 of the Dungeon.
You were completely stuffed.

You visited 1 branch of the dungeon, and saw 3 of its levels.

You collected 46 gold pieces.

Inventory:

Hand Weapons
 a - a +2 hand crossbow
 e - a +0 dagger
 i - a +0 club
 j - a +0 short sword
 n - a +0 short sword
 o - a cursed -1 dagger
 q - a cursed -3 club
 t - a +0 falchion
 w - a +0 club
 y - a +0 club
 z - a +0 blowgun
 A - a cursed -2 short sword (weapon)
Missiles
 d - 35 bolts
 g - 60 stones (quivered)
 k - 14 bolts of penetration
 r - 13 sling bullets
 C - 10 poisoned needles
Armour
 b - a +0 robe
 h - a +0 large shield
 p - a +1 leather armour (worn)
 u - a +0 leather armour
 x - a +0 chain mail
Jewellery
 l - a -6 ring of dexterity
Potions
 s - 2 potions of agility {unknown}
Books
 c - a book of Debilitation

   Spells                             Type                      Level
   a - Corona                         Hexes                        1
   b - Slow                           Hexes                        2
   c - Gell's Gravitas                Hexes/Translocation          3
   d - Inner Flame                    Hexes/Fire                   3
   e - Cause Fear                     Hexes                        4
   f - Leda's Liquefaction            Hexes/Earth                  4
Comestibles
 f - 2 meat rations
 m - a beef jerky


   Skills:
 + Level 1.4 Fighting
 + Level 3.9 Crossbows
 + Level 0.5 Armour
 + Level 2.8 Dodging
 + Level 0.4 Stealth
 + Level 1.4 Spellcasting
 + Level 3.6 Hexes


You had 4 spell levels left.
You knew the following spells:

 Your Spells              Type           Power        Failure   Level  Hunger
a - Corona                Hex            #......      12%         1    ##.....


Dungeon Overview and Level Annotations

Branches:
Dungeon (3/15)

Altars:


Innate Abilities, Weirdness & Mutations

You are small and have problems with some larger weapons.
You are carnivorous and can eat meat at any time.


Message History

f - 2 meat rations (gained 1)
A worm comes into view.
You hit the worm but do no damage. The worm bites you.
You hit the worm but do no damage. You hit the worm but do no damage.
The worm bites you!
Casting: Corona
Confirm with . or Enter, or press ? or * to list all spells.
Aiming: Corona
Press: ? - help, Shift-Dir - straight line, f - worm
Aim: a worm (chance to defeat MR: 51%)
You miscast Corona.
You are very lightly contaminated with residual magic.
Nothing appears to happen.
The worm bites you.
You hit the worm.
The worm is moderately wounded.
All of the chunks of flesh in your inventory have rotted away.
You hit the worm.
The worm is moderately wounded.
The worm bites you!
You die...

#.. #.# #.# #.# #.#
#.# #.# #.# #####.##
#.# #.. ... #.# #.#
#.# #
####.###.###.#.####.
#.......#...@w......
#.######.#########.#
#.# #.# #.# #.# #.#
#.# #.# #.# #.# #.#
#####.######.#
#............#


You could see a worm.

Vanquished Creatures
  An adder (D:2)
  3 worms (D:2)
  3 giant geckos
  3 orcs
  4 giant cockroaches
  10 goblins
  9 hobgoblins
  2 jackals (D:1)
  6 bats
  2 giant newts
  12 kobolds
  8 rats
63 creatures vanquished.

Notes
Turn   | Place    | Note
--------------------------------------------------------------
     0 | D:1      | Ishamoridin the Kobold Arcane Marksman began the quest for the Orb.
     0 | D:1      | Reached XP level 1. HP: 12/12 MP: 2/2
    97 | D:1      | Reached XP level 2. HP: 8/16 MP: 1/3
   656 | D:1      | Reached XP level 3. HP: 8/20 MP: 4/4
  3149 | D:2      | Reached XP level 4. HP: 25/25 MP: 2/5
  5420 | D:3      | Slain by a worm

Vault maps used:
D:1:      dpeg_arrival_long_road
D:3:      ecumenical_altar_2

Action                   |  1- 3 |  4- 6 || total
-------------------------+-------+-------++-------
Melee: Hand crossbow     |     1 |       ||     1
       Short sword       |       |    15 ||    15
 Fire: Hand crossbow     |    77 |    50 ||   127
Throw: Stone             |       |     3 ||     3
 Cast: Corona            |    16 |    13 ||    29
  Use: Scroll            |     6 |     4 ||    10
 Stab: Sleeping          |       |     1 ||     1
  Eat: Chunk             |    14 |     9 ||    23
